Description

CO-OP Void Launch 1-9为红点 50以上为飞船路线 99为进攻奖励的红点 第七波随机性过高(三种可能) 故记录停泊湾的背板

Build Order

Get SALT Encoding   

  1  3:00  Action 右红点  
  2  5:00  Action 左红点  
  51  6:15  Burrow 中→B  
  3  7:30  Action 左或右  
  52  9:00  Burrow 中→A或C  
  99  9:59  Corruptor 右反奖励波次  
  4  10:00  Action 右红点  
  5  11:00  Action 左红点  
  53  12:30  Burrow 中→上一波反方向  
  6  14:00  Action 左或右  
  54  15:30  Burrow 左A右B或左B中C  
  99  16:20  Corruptor 右反奖励波次  
  7  16:48  Action 左红点  
  55  18:00  Burrow 右B或中B或左B  
  8  19:18  Action 右红点  
  66  20:30  Burrow 左C或右A  
  99  21:40  Corruptor 左反奖励波次  
  9  21:48  Action 右红点  
  67  23:00  Burrow 从中右或中或左右出发  
  68  23:35  Burrow 从中左或左右出发  
  10  24:18  Action 右红点  
Spawning Tool Build Advisor. Get it on Overwolf

Go to:

Details

  • Created by: Arbalest
  • Published on: Jan 01, 2020
  • Modified on: Jan 01, 2020
  • Patch: 4.11.0
Show
View Real Time Build Order
Export as new Build Order

Comments (0)

There are no comments. Be the first!

Create an account to comment!